 Dungeon Crawl Stone Soup version 0.30.1-11-g7821555f0a (webtiles) character file.

Game seed: 7446563188146546414

328 safid the Grasshopper (level 6, -4/55 HPs)
             Began as an Armataur Warper on Dec 14, 2023.
             Slain by an ice beast (10 damage)
             ... on level 3 of the Dungeon.
             The game lasted 00:06:48 (2834 turns).

safid the Grasshopper (Armataur Warper)             Turns: 2834, Time: 00:06:48

Health: -4/55      AC:  4    Str: 19    XL:     6   Next: 25%
Magic:  11/11      EV:  9    Int: 19    God:
Gold:   116        SH:  0    Dex:  9    Spells: 9/11 levels left

rFire   . . .        r - +0 long sword
rCold   . . .        (no shield)
rNeg    + . .        b - +0 leather armour
rPois   .            (no helmet)
rElec   .            (no cloak)
rCorr   .            (no gloves)
SInv    .            (no barding)
Will    .....        (no amulet)
Stlth   +            f - ring of positive energy
HPRegen 0.29/turn    o - +6 ring of intelligence
MPRegen 0.12/turn

%: roll
@: no status effects
A: large, rugged brown scales 3, deformed body, armoured tail, roll, long
tongue, awkward tongue
a: no special abilities


You were on level 3 of the Dungeon.
You visited 1 branch of the dungeon, and saw 3 of its levels.

You collected 142 gold pieces.
You spent 26 gold pieces at shops.

Inventory:

Hand Weapons
 r - a +0 long sword (weapon)
Missiles
 d - 7 boomerangs of dispersal (quivered)
Armour
 b - a +0 leather armour (worn)
Jewellery
 f - a ring of positive energy (left hand)
 o - a +6 ring of intelligence (right hand)
Scrolls
 a - a scroll of teleportation {unknown}
 c - a scroll of blinking
 e - 5 scrolls of identify
 g - a scroll of torment {unknown}
 k - a scroll of fear {unknown}
 l - 2 scrolls of enchant armour {unknown}
 n - a scroll of poison {unknown}
 p - a scroll of fog {unknown}
Potions
 h - a potion of brilliance {unknown}
 i - a potion of cancellation {unknown}
 m - a potion of might {unknown}
 q - a potion of mutation {unknown}


   Skills:
 + Level 3.6 Fighting
 - Level 1.7 Long Blades
 - Level 0.8 Throwing
 + Level 1.9 Armour
 - Level 1.3 Dodging
 + Level 3.4 Spellcasting
 + Level 4.7 Translocations


You had 9 spell levels left.
You knew the following spells:

 Your Spells              Type           Power      Damage    Failure   Level
a - Blink                 Tloc           42%        N/A       3%          2

Your spell library contained the following spells:

 Spells                   Type           Power      Damage    Failure   Level
 Lesser Beckoning         Tloc           42%        N/A       3%          2
 Gell's Gravitas          Tloc           21%        N/A       8%          3
 Teleport Other           Tloc           21%        N/A       8%          3
 Magic Dart               Conj           12%        1d3       17%         1
 Necrotise                Necr           12%        1d4       17%         1
 Vhi's Electric Charge    Tloc/Air       24%        N/A       21%         3
 Searing Ray              Conj           6%         2d4       26%         2
 Manifold Assault         Tloc           21%        N/A       26%         4
 Vampiric Draining        Necr           3%         2d6       45%         3
 Fulminant Prism          Conj/Hex       1%         3d5       86%         4
 Agony                    Necr           3%         N/A       99%         5


Dungeon Overview and Level Annotations

Branches:
Dungeon (3/15)

Altars:
Sif Muna
Wu Jian

Shops:
D:1 ?

Annotations:
D:2 1 runed translucent door, Crazy Yiuf


Innate Abilities, Weirdness & Mutations

You are completely covered in rugged brown scales. (AC +3, +7% HP)
Armour fits poorly on your strangely shaped body.
You have a long armoured tail.
You roll when moving toward enemies. (Rampage)
Your long tongue fully drains potion bottles. (2x potion effects)
Your tongue gives you trouble enunciating. (1.5x scroll delay)


Message History

The ice beast is lightly wounded.
The ice beast hits you but does no damage.
You hit the ice beast but do no damage.
The ice beast is lightly wounded.
The ice beast hits you. The ice beast freezes you! The ice beast hits you.
The ice beast freezes you!
You hit the ice beast. You tail-slap the ice beast. You punch the ice beast.
The ice beast is heavily wounded.
The ice beast hits you but does no damage.
You hit the ice beast.
The ice beast is severely wounded.
The ice beast hits you but does no damage.
You hit the ice beast but do no damage.
The ice beast is severely wounded.
The ice beast closely misses you.
The ice beast hits you but does no damage.
You hit the ice beast but do no damage.
The ice beast is severely wounded.
The ice beast hits you. The ice beast freezes you!
You hit the ice beast.
Your tail-slap misses the ice beast.
The ice beast is severely wounded.
The ice beast barely misses you.
You closely miss the ice beast.
The ice beast is severely wounded.
The ice beast hits you. The ice beast freezes you!
* * * LOW HITPOINT WARNING * * *
You closely miss the ice beast.
The ice beast is severely wounded.
The ice beast completely misses you. The ice beast barely misses you.
Unknown command.
You closely miss the ice beast.
The ice beast is severely wounded.
The ice beast hits you but does no damage.
You hit the ice beast.
You tail-slap the ice beast, but do no damage.
The ice beast is severely wounded.
The ice beast hits you.
* * * LOW HITPOINT WARNING * * *
The ice beast freezes you!
You die...

#.# #.# #.# #.# #.#
####### #.# ......# #.#
......# #@# ......# #Y#
......# #.#
......####### #.#
............# #.#
............####.#####
.....................###
.###........####..##...#
.###........# ###(##.#.#


You could see an ice beast.

Vanquished Creatures
  Sigmund (D:2)
  3 orc wizards (D:3)
  2 adders (D:2)
  A worm (D:2)
  2 dart slugs (D:1)
  7 orcs
  6 bats
  3 endoplasms
  3 giant cockroaches
  6 goblins
  4 hobgoblins
  5 jackals
  3 quokkas
  4 ball pythons
  A frilled lizard (D:1)
  4 kobolds
  7 rats
62 creatures vanquished.

Notes
Turn   | Place    | Note
-------+----------+-------------------------------------------
     0 | D:1      | safid the Armataur Warper began the quest for the Orb.
     0 | D:1      | Reached XP level 1. HP: 18/18 MP: 3/3
    92 | D:1      | Reached XP level 2. HP: 25/25 MP: 5/5
    96 | D:1      | Learned a level 2 spell: Blink
   418 | D:1      | Reached XP level 3. HP: 32/32 MP: 6/6
   738 | D:1      | Found Daatymau's Magic Scroll Shop.
   741 | D:1      | Bought a scroll of identify for 26 gold pieces
  1259 | D:2      | Found a runed translucent door.
  1260 | D:2      | Noticed Crazy Yiuf
  1578 | D:2      | Found a shimmering blue altar of Sif Muna.
  1583 | D:2      | Noticed Sigmund
  1693 | D:2      | Killed Sigmund
  1694 | D:2      | Reached skill level 4 in Translocations
  1694 | D:2      | Reached XP level 4. HP: 30/40 MP: 6/8
  1694 | D:2      | Reached XP level 5. HP: 36/48 MP: 6/9
  2330 | D:3      | Reached XP level 6. HP: 28/54 MP: 10/10
  2810 | D:3      | Found an ornate altar of the Wu Jian Council.
  2810 | D:3      | Noticed an ice beast
  2834 | D:3      | Slain by an ice beast

Illustrated notes

Levels and vault maps discovered:
D:1:      roderic_crossed_star, layout_loops_ring, serial_shops,
          nicolae_shop_rolled_up, fountainhead, minmay_misc_feat_tower,
          kennysheep_flooded_box, nicolae_titane
D:2:      layout_basic, serial_forest, infiniplex_forest_corner_1,
          infiniplex_forest_straight_2, infiniplex_forest_end_3,
          infiniplex_forest_straight_2, infiniplex_forest_side_room,
          basic_altar, uniq_crazy_yiuf_cottage, uniq_sigmund
D:3:      layout_basic, nicolae_wu_jian_wuxing_cycle, serial_park_tiny_2,
          chequers_mini_garden, kennysheep_generic_room_2

Skill      XL: |  1  2  3 |
---------------+----------+-----
Fighting       | 2 3 |  3.6
Spellcasting   | 2 3 |  3.4
Translocations | 4 |  4.7
Long Blades    | |  1.7
Throwing       | |  0.8
Armour         | |  1.9
Dodging        | |  1.3

Action                     |  1- 3 |  4- 6 || total
---------------------------+-------+-------++-------
  Melee: Falchion          |   148 |    38 ||   186
         Tailslap          |    16 |    14 ||    30
         Long sword        |       |    90 ||    90
         Punch             |       |     3 ||     3
    Use: Potion            |     1 |     1 ||     2
 Armour: Leather armour    |    53 |    60 ||   113
  Dodge: Dodged            |    72 |    61 ||   133
